 Dungeon Sprint DCSS version 0.29-a0-359-g541a27f54d (webtiles) character file.

Game seed: 4834855364054065915

26 Zeldest the Slasher (level 3, -1/40 HPs)
             Began as an Octopode Monk on Apr 28, 2022.
             Slain by a black bear (4 damage)
             ... in the Dungeon (Sprint IX: "|||||||||||||||||||||||||||||").
             The game lasted 00:00:25 (31 turns).

Zeldest the Slasher (Octopode Monk)                   Turns: 31, Time: 00:00:25

Health: -1/40      AC:  1    Str: 10    XL:     3   Next: 8%
Magic:  3/3        EV: 15    Int: 12    God:
Gold:   0          SH:  0    Dex: 16    Spells: 2/2 levels left

rFire   . . .      SeeInvis .   a - +0 falchion
rCold   . . .      Faith    .   (no shield)
rNeg    . . .      Spirit   .   (helmet restricted)
rPois   .          Reflect  .   (no amulet)
rElec   .          Harm     .   (no ring)
rCorr   .          Rampage  .   (no ring)
Will    .....      NoTele   +   (no ring)
Stlth   ..........              (no ring)
HPRegen 0.13/turn               (no ring)
MPRegen 0.08/turn               (no ring)
                                (no ring)
                                (no ring)

@: berserking (expiring), lethally poisoned (-1 -> -2), hasted, very quick
A: almost no armour, amphibious, 8 rings, camouflage 1, gelatinous body 1,
(nimble swimmer 1), tentacles
a: no special abilities


You were in the Dungeon.
You visited 1 branch

Inventory:

Hand Weapons
 a - a +0 falchion (weapon)
Scrolls
 h - a scroll of blinking
Potions
 b - a potion of ambrosia
 c - a potion of curing
 d - a potion of heal wounds
 f - 2 potions of magic


   Skills:
 + Level 4.1 Fighting
 * Level 5.1 Long Blades
 + Level 4.1 Dodging
 - Level 2.6 Stealth


You had 2 spell levels left.
You didn't know any spells.
Your spell library was empty.

Dungeon Overview and Level Annotations

Branches:
Dungeon (1/1)

Altars:


Innate Abilities, Weirdness & Mutations

You cannot wear most types of armour.
You are amphibious.
You can wear up to eight rings at the same time.
Your skin changes colour to match your surroundings (Stealth+).
Your rubbery body absorbs attacks. (AC +1, EV +1)
((You are camouflaged when in or above water. (Stealth+)))
You have tentacles for arms and can constrict up to eight enemies at once.


Message History

You kill the hobgoblin!
You see here a giant cockroach corpse.
You open the door.
An iguana, a necrophage, a scorpion, a black bear and an adder come into view.
A red film seems to cover your vision as you go berserk!
You feel yourself moving faster!
You feel mighty!
The iguana hisses angrily.
The adder hisses angrily.
You miss the adder. Your grab misses the adder. Your squeeze misses the adder.
The adder bites you but does no damage.
You slash the adder! Your grab misses the adder.
The adder is severely wounded.
The adder bites you.
You are poisoned.
The adder poisons you!
You barely miss the adder. You grab the adder.
The adder is severely wounded.
You constrict the adder.
You feel sick. The adder barely misses you.
You hit the adder.
You kill the adder!
You feel sick.
Your Fighting skill increases to level 4!
Your Long Blades skill increases to level 5!
Your Dodging skill increases to level 4!
You have reached level 3!
Your experience leads to an increase in your attributes!
Increase (S)trength, (I)ntelligence, or (D)exterity?
You feel agile. x2
You barely miss the black bear. You grab the black bear.
You constrict the black bear, but do no damage.
The black bear bites you.
* * * LOW HITPOINT WARNING * * *
The black bear claws you.
* * * LOW HITPOINT WARNING * * *
The black bear barely misses you.
You barely miss the black bear. You constrict the black bear.
You feel sick.
You hit the black bear.
The black bear is moderately wounded.
You constrict the black bear, but do no damage.
You feel sick. The black bear bites you.
You die... ▓▓▓▓▓▓▓▓▓▓▓▓▓▓▓▓▓▓ +..lnsh@...†)...<▓ ▓▓▓▓▓▓▓▓▓▓▓▓▓▓▓▓▓▓

You could see a black bear, a necrophage, a scorpion and an iguana.

Vanquished Creatures
  An adder (D)
  A gnoll (D)
  A dart slug (D)
  A giant cockroach (D)
  A hobgoblin (D)
  A quokka (D)
6 creatures vanquished.

Notes
Turn   | Place    | Note
-------+----------+-------------------------------------------
     0 | D        | Zeldest the Octopode Monk began the quest for the Orb.
     0 | D        | Reached XP level 1. HP: 16/16 MP: 1/1
     9 | D        | Reached skill level 4 in Long Blades
     9 | D        | Reached XP level 2. HP: 13/21 MP: 2/2
    23 | D        | Noticed a necrophage
    23 | D        | Noticed a scorpion
    23 | D        | Noticed a black bear
    29 | D        | Reached skill level 5 in Long Blades
    29 | D        | Reached XP level 3. HP: 14/27 MP: 3/3
    31 | D        | Slain by a black bear

Illustrated notes

Levels and vault maps discovered:
D:        linesprint [early_d, line_temple, items_1, d_10, items_2, lair_1,
          lair_end, items_3, orc_1, orc_end, items_4, d_15, swamp_1, shoals_1,
          snake_1, spider_1, d_20, vaults_1, items_5, swamp_end, shoals_end,
          snake_end, spider_end, vaults_end, d_27, items_6, zot_1, zot_end,
          crypt_end, forest_end, elf_end, slime_end, tomb_end, abyss_end,
          pan_hell_end]

Skill      XL: |  1  2 |
---------------+-------+-----
Long Blades    | 4 5 |  5.1
Fighting       | 4 |  4.1
Dodging        | 4 |  4.1
Stealth        | |  2.6

Action                   || total
-------------------------++-------
Melee: Falchion          ||    19
       Constrict         ||     6
       Tentacles         ||     3
  Use: Potion            ||     2
Armor: Skin              ||     2
Dodge: Dodged            ||     4

Table legend: (Time is in decaauts)
 A = Elapsed time spent in this place.
 B = Non-inter-level travel time spent in this place.
 C = Inter-level travel time spent in this place.
 D = Time resting spent in this place.
 E = Time spent auto-exploring this place.
 F = Levels seen in this place.
 G = Mean time per level.
                   A        B        C        D        E       F      G
               +--------+--------+--------+--------+--------+-----+--------+
         Total |     22 |     22 |      0 |      0 |      0 |   1 |   22.0 |
       Dungeon |     22 |     22 |      0 |      0 |      0 |   1 |   22.0 |
               +--------+--------+--------+--------+--------+-----+--------+

Top non-repeatable levels by time:
       D: 22 daAuts
